Stars vs Lightning

Created - March 22, 2015 at 10:12

Goals
1 2 3 OT1 T
Stars 2 1 0 1 4
Lightning 1 2 0 0 3
Shots
1 2 3 OT1 T
Stars 18 16 13 2 49
Lightning 9 11 11 0 31

1st period

1. Stars , Jarome Iginla 31 (Eric Staal, Zdeno Chara) at 4:39 (PP)
2. Lightning , Patrick Kane 35 (Henrik Sedin, Brent Seabrook) at 8:29 (PP)
3. Stars , Tyler Seguin 20 (Evgeni Malkin, Zdeno Chara) at 13:20 (PP)

Penalties :
Andrej Meszaros (TBL) for Holding (Minor) at 4:33, Vyacheslav Voynov (DAL) for Interference (Minor) at 8:15, Erik Gudbranson (TBL) for Slashing (Minor) at 11:23, Maxime Talbot (TBL) for Checking from behind (Major / Game Misconduct) at 17:43

2nd period

4. Stars , Shea Weber 31 (Tyler Seguin, Brandon Dubinsky) at 1:35 (PP)
5. Lightning , Brent Seabrook 12 (Nick Spaling, Andrej Sekera) at 9:19
6. Lightning , Henrik Sedin 19 (Andrej Sekera, Patrick Kane) at 17:20

Penalties :
Curtis Glencross (TBL) for Boarding (Double Minor) at 3:52, Zdeno Chara (DAL) for Elbowing (Minor) at 10:57, Jason Chimera (TBL) for Interference (Minor) at 19:37

3rd period

No Goal

Penalties :
Shea Weber (DAL) for Tripping (Minor) at 1:58, Curtis Glencross (TBL) for Goalie Interference (Minor) at 10:15, Erik Gudbranson (TBL) for Hooking (Minor) at 12:34, Andrej Sekera (TBL) for Boarding (Minor) at 15:02, Eric Staal (DAL) for Tripping (Minor) at 15:08

Overtime #1

7. Stars , Tyler Seguin 21 (Evgeni Malkin, Travis Hamonic) at 1:02

Penalties :
No Penalty

Goalie Stats

Semyon Varlamov (DAL), 28 saves from 31 shots - (0.903), W, 33-20-6, 61:03 minutes
Alex Stalock (TBL), 45 saves from 49 shots - (0.918), OTL, 8-9-3, 61:03 minutes

Players Stats for Stars

Player Name              G  A  P  +/- PIM S  H  SB GA TA FO     MP     PP MP  PK MP  
------------------------------------------------------------------------------------
Alec Martinez            0  0  0   0  0   1  0  0  0  0  0/0    11:41   9:14   0:00 
Andy Greene              0  0  0  -1  0   0  0  1  0  0  0/0    16:37   0:00   1:30 
Brandon Dubinsky         0  1  1   0  0   4  4  1  0  0  2/2    20:00   7:52   0:00 
Brenden Dillon           0  0  0   0  0   0  0  0  0  0  0/0     8:18   0:00   1:31 
Christopher Higgins      0  0  0   0  0   0  0  0  0  0  1/2    13:05   0:00   3:15 
David Backes             0  0  0   0  0   1  0  0  0  0  15/25  15:23   0:00   3:15 
Eric Staal               0  1  1  -2  2   5  1  0  0  0  1/4    23:09   9:11   1:03 
Evgeni Malkin            0  2  2   1  0   3  0  0  0  0  21/47  22:30   7:52   0:00 
Gabriel Landeskog        0  0  0   0  0   0  6  0  0  0  0/0    12:45   0:00   1:03 
Jarome Iginla            1  0  1  -2  0   5  8  0  0  0  0/1    22:07   9:12   0:00 
Jarret Stoll             0  0  0   0  0   0  0  0  0  0  0/0     2:18   0:00   0:00 
Jason Spezza             0  0  0  -2  0   4  1  1  0  0  19/31  22:07   9:12   0:00 
John Erskine             0  0  0   0  0   0  0  0  0  0  0/0     2:27   0:00   0:00 
Shea Weber               1  0  1  -1  2   7  0  2  0  0  0/0    23:55   7:50   0:59 
Travis Hamonic           0  1  1   0  0   0  2  0  0  0  0/0    18:08   0:00   2:48 
Tyler Seguin             2  1  3   1  0   12 0  0  0  0  0/0    22:30   7:52   0:00 
Vyacheslav Voynov        0  0  0   0  2   1  2  0  0  0  0/0    14:36   7:50   0:00 
Zdeno Chara              0  2  2   0  2   6  5  0  0  0  0/0    26:21   9:14   1:48 

Players Stats for Lightning

Player Name              G  A  P  +/- PIM S  H  SB GA TA FO     MP     PP MP  PK MP  
------------------------------------------------------------------------------------
Andre Benoit             0  0  0   0  0   1  1  1  0  0  0/0    21:38   0:00   7:28 
Andrej Meszaros          0  0  0  -1  2   0  2  0  0  0  0/0    13:03   1:45   0:00 
Andrej Sekera            0  2  2   2  2   1  0  0  0  0  0/0    26:08   2:33   9:36 
Brent Seabrook           1  1  2   2  0   5  3  3  0  0  0/0    27:30   2:33   9:36 
Cam Atkinson             0  0  0   0  0   0  0  0  0  0  0/2    19:07   0:00   6:49 
Curtis Glencross         0  0  0   1  6   2  2  1  0  0  4/11   20:15   2:10   2:18 
Eric Fehr                0  0  0   0  0   1  0  0  0  0  0/1     4:00   0:00   0:00 
Erik Gudbranson          0  0  0  -1  4   2  1  1  0  0  0/0    13:14   1:45   0:00 
Henrik Sedin             1  1  2   1  0   2  1  0  0  0  14/24  15:19   2:10   0:12 
Jason Chimera            0  0  0   0  2   0  2  0  0  0  0/0     5:36   0:00   1:37 
Luca Sbisa               0  0  0   0  0   0  1  0  0  0  0/0     4:05   0:00   0:00 
Maxime Talbot            0  0  0   0  15  0  2  0  0  0  3/5     6:17   0:00   1:38 
Nick Spaling             0  1  1   1  0   3  0  0  0  0  7/17   20:44   2:08   5:06 
Patrick Kane             1  1  2   0  0   5  0  0  0  0  1/6    16:03   2:10   0:00 
Scott Hannan             0  0  0   0  0   0  2  2  0  0  0/0    16:24   0:00   7:28 
Teddy Purcell            0  0  0  -1  0   2  0  0  0  0  0/0    14:30   0:00   0:00 
Travis Zajac             0  0  0   1  0   4  0  0  0  0  24/46  24:30   2:08  11:22 
Troy Brouwer             0  0  0   1  0   3  2  0  0  0  0/0    16:44   2:08   5:06 

3 Stars

1 - Tyler Seguin (DAL)
2 - Brent Seabrook (TBL)
3 - Henrik Sedin (TBL)

Power Play

Stars - 3 on 10 Attempt(s) - 30.00%
Lightning - 1 on 4 Attempt(s) - 25.00%

Penalty Kill

Stars - 3 on 4 Attempt(s) - 75.00% - Score 0 goal in Penalty Kill
Lightning - 7 on 10 Attempt(s) - 70.00% - Score 0 goal in Penalty Kill

Team Stat

Stars - Hits : 29 - Faceoff Wins : 59 - Blocked Shots : 5 - Penalty Minutes : 8
Lightning - Hits : 19 - Faceoff Wins : 53 - Blocked Shots : 8 - Penalty Minutes : 31

Official

Referees : Dean Morton and Rob Martell
Linesman : John Grandt and Derek Nansen

Game Notes

Maxime Talbot ejected from game at 17:43 of 1st period

Finance

Level 1 -- Attendance: 4500 (69.23%) -- Ticket Income $495,000
Level 2 -- Attendance: 3027 (60.54%) -- Ticket Income $287,565
Level 3 -- Attendance: 2044 (58.40%) -- Ticket Income $153,300
Level 4 -- Attendance: 1830 (48.70%) -- Ticket Income $82,350
Luxury Box -- Attendance: 472 (47.20%) -- Ticket Income $169,920
Game was played at the Tampa Bay Times Forum'
Total Attendance: 11873 (60.09%)
Total Ticket Income: $1,188,135
Other Income: $178,220
Total Income: $1,366,355

% Time on Ice - Stars

Lines # - Real PCT - Wanted PCT - Time Play
Normal Forward
1 - 35% - 33% - 12:55
2 - 32% - 32% - 11:42
3 - 27% - 25% - 9:50
4 - 6% - 10% - 2:18
Normal Defense
1 - 37% - 34% - 13:25
2 - 38% - 34% - 14:06
3 - 18% - 20% - 6:47
4 - 7% - 12% - 2:27
PP Forward
1 - 46% - 58% - 7:52
2 - 54% - 42% - 9:12
PP Defense
1 - 46% - 55% - 7:50
2 - 54% - 45% - 9:14
PK Forward
1 - 76% - 55% - 3:15
2 - 24% - 45% - 1:03
PK Defense
1 - 65% - 58% - 2:48
2 - 35% - 42% - 1:30
PK3 Forward
1 - 0% - 56%
2 - 0% - 44%
PK3 Defense
1 - 0% - 60%
2 - 0% - 40%
44 Forward
1 - 100% - 60% - 2:56
2 - 0% - 40% - 0:00
44 Defense
1 - 58% - 60% - 1:42
2 - 42% - 40% - 1:14
Last Minute Offensive  - 0:00
Last Minute Defensive  - 0:00
Total
Forward - 61:03
Defense - 61:03

% Time on Ice - Lightning

Lines # - Real PCT - Wanted PCT - Time Play
Normal Forward
1 - 30% - 40% - 10:57
2 - 26% - 30% - 9:30
3 - 33% - 20% - 12:18
4 - 11% - 10% - 4:00
Normal Defense
1 - 37% - 40% - 13:39
2 - 28% - 30% - 10:17
3 - 24% - 20% - 8:56
4 - 11% - 10% - 3:53
PP Forward
1 - 50% - 60% - 2:10
2 - 50% - 40% - 2:08
PP Defense
1 - 59% - 60% - 2:33
2 - 41% - 40% - 1:45
PK Forward
1 - 70% - 60% - 11:58
2 - 30% - 40% - 5:06
PK Defense
1 - 56% - 60% - 9:36
2 - 44% - 40% - 7:28
PK3 Forward
1 - 0% - 60%
2 - 0% - 40%
PK3 Defense
1 - 0% - 60%
2 - 0% - 40%
44 Forward
1 - 100% - 60% - 2:56
2 - 0% - 40% - 0:00
44 Defense
1 - 58% - 60% - 1:42
2 - 42% - 40% - 1:14
Last Minute Offensive  - 0:00
Last Minute Defensive  - 0:00
Total
Forward - 61:03
Defense - 61:03

Play by Play

1st period


0:01 of 1st period - Eric Staal wins face-off versus Henrik Sedin in neutral zone.
0:57 of 1st period - Brent Seabrook is hit by Zdeno Chara and loses puck.
1:19 of 1st period - Travis Zajac is hit by Zdeno Chara and loses puck.
1:32 of 1st period - Shot by Travis Zajac.
1:32 of 1st period - Stopped by Semyon Varlamov without a rebound.
1:33 of 1st period - David Backes wins face-off versus Maxime Talbot in Stars zone.
1:50 of 1st period - Shot by Brandon Dubinsky.
1:50 of 1st period - Shot Blocked by Scott Hannan.
1:58 of 1st period - Shot by Maxime Talbot.
1:58 of 1st period - Shot Blocked by Brandon Dubinsky.
2:00 of 1st period - Shot by Andrej Meszaros.
2:00 of 1st period - Deflect By Teddy Purcell.
2:00 of 1st period - Stopped by Semyon Varlamov without a rebound.
2:01 of 1st period - Jason Spezza wins face-off versus Nick Spaling in Stars zone.
2:01 of 1st period - Eric Staal is hit by Jason Chimera and loses puck.
2:18 of 1st period - Shot by Eric Fehr.
2:18 of 1st period - Stopped by Semyon Varlamov without a rebound.
2:19 of 1st period - David Backes wins face-off versus Maxime Talbot in Stars zone.
2:19 of 1st period - David Backes is hit by Maxime Talbot.
3:12 of 1st period - Icing by Brent Seabrook.
3:13 of 1st period - Maxime Talbot wins face-off versus Evgeni Malkin in Lightning zone.
3:13 of 1st period - Andrej Sekera is hit by Gabriel Landeskog and loses puck.
3:36 of 1st period - Shot by Tyler Seguin.
3:36 of 1st period - Shot Misses the Net.
4:30 of 1st period - Shot by Jason Spezza.
4:30 of 1st period - Stopped by Alex Stalock without a rebound.
4:31 of 1st period - David Backes wins face-off versus Henrik Sedin in Lightning zone.
4:32 of 1st period - Shot by Brandon Dubinsky.
4:32 of 1st period - Shot Misses the Net.
4:33 of 1st period - Minor Penalty to Andrej Meszaros for Holding.
4:34 of 1st period - Jason Spezza wins face-off versus Travis Zajac in Lightning zone.
4:34 of 1st period - Eric Staal is hit by Andre Benoit and loses puck.
4:37 of 1st period - Shot by Zdeno Chara.
4:37 of 1st period - Shot Misses the Net.
4:39 of 1st period - Shot by Eric Staal.
4:39 of 1st period - Deflect By Jarome Iginla.
4:39 of 1st period - Goal by Jarome Iginla - Stars : 1 - Lightning : 0.
4:40 of 1st period - Christopher Higgins wins face-off versus Henrik Sedin in neutral zone.
5:51 of 1st period - Shot by Eric Staal.
5:51 of 1st period - Stopped by Alex Stalock without a rebound.
5:52 of 1st period - Travis Zajac wins face-off versus Evgeni Malkin in Lightning zone.
6:12 of 1st period - Icing by Evgeni Malkin.
6:13 of 1st period - Evgeni Malkin wins face-off versus Eric Fehr in Stars zone.
6:21 of 1st period - Evgeni Malkin is hit by Brent Seabrook and loses puck.
6:36 of 1st period - Shot by Tyler Seguin.
6:36 of 1st period - Shot Misses the Net.
7:14 of 1st period - Shot by Eric Staal.
7:14 of 1st period - Stopped by Alex Stalock without a rebound.
7:15 of 1st period - David Backes wins face-off versus Henrik Sedin in Lightning zone.
7:15 of 1st period - Andy Greene is hit by Scott Hannan and loses puck.
7:26 of 1st period - Shot by Patrick Kane.
7:26 of 1st period - Shot Blocked by Shea Weber.
7:28 of 1st period - Shot by Scott Hannan.
7:28 of 1st period - Deflect By Patrick Kane.
7:28 of 1st period - Shot Misses the Net.
7:35 of 1st period - Off-side.
7:36 of 1st period - Maxime Talbot wins face-off versus Jason Spezza in neutral zone.
7:36 of 1st period - Maxime Talbot is hit by Jarome Iginla.
7:39 of 1st period - Andre Benoit is hit by Travis Hamonic.
8:01 of 1st period - Shot by Erik Gudbranson.
8:01 of 1st period - Stopped by Semyon Varlamov without a rebound.
8:02 of 1st period - Henrik Sedin wins face-off versus David Backes in Stars zone.
8:02 of 1st period - Patrick Kane is hit by Vyacheslav Voynov and loses puck.
8:15 of 1st period - Minor Penalty to Vyacheslav Voynov for Interference.
8:16 of 1st period - Henrik Sedin wins face-off versus David Backes in Stars zone.
8:17 of 1st period - Shot by Patrick Kane.
8:17 of 1st period - Stopped by Semyon Varlamov with a rebound.
8:27 of 1st period - Shot by Henrik Sedin.
8:27 of 1st period - Stopped by Semyon Varlamov with a rebound.
8:29 of 1st period - Shot by Patrick Kane.
8:29 of 1st period - Goal by Patrick Kane - Stars : 1 - Lightning : 1.
8:30 of 1st period - Travis Zajac wins face-off versus Evgeni Malkin in neutral zone.
8:46 of 1st period - Gabriel Landeskog is hit by Luca Sbisa and loses puck.
8:50 of 1st period - Icing by Andre Benoit.
8:51 of 1st period - David Backes wins face-off versus Travis Zajac in Lightning zone.
9:37 of 1st period - Icing by Zdeno Chara.
9:38 of 1st period - David Backes wins face-off versus Henrik Sedin in Stars zone.
10:03 of 1st period - Shot by Patrick Kane.
10:03 of 1st period - Stopped by Semyon Varlamov without a rebound.
10:04 of 1st period - Jason Spezza wins face-off versus Cam Atkinson in Stars zone.
11:00 of 1st period - Off-side.
11:01 of 1st period - Henrik Sedin wins face-off versus Evgeni Malkin in neutral zone.
11:10 of 1st period - Shot by Patrick Kane.
11:10 of 1st period - Shot Misses the Net.
11:23 of 1st period - Minor Penalty to Erik Gudbranson for Slashing.
11:24 of 1st period - Travis Zajac wins face-off versus Evgeni Malkin in Lightning zone.
11:29 of 1st period - Zdeno Chara is hit by Maxime Talbot and loses puck.
11:35 of 1st period - Alec Martinez is hit by Scott Hannan and loses puck.
11:38 of 1st period - Shot by Brandon Dubinsky.
11:38 of 1st period - Deflect By Evgeni Malkin.
11:38 of 1st period - Stopped by Alex Stalock with a rebound.
11:40 of 1st period - Shot by Zdeno Chara.
11:40 of 1st period - Stopped by Alex Stalock without a rebound.
11:41 of 1st period - Jason Spezza wins face-off versus Travis Zajac in Lightning zone.
11:46 of 1st period - Shot by Shea Weber.
11:46 of 1st period - Stopped by Alex Stalock without a rebound.
11:47 of 1st period - Jason Spezza wins face-off versus Travis Zajac in Lightning zone.
12:02 of 1st period - Shot by Jason Spezza.
12:02 of 1st period - Shot Misses the Net.
12:04 of 1st period - Shot by Vyacheslav Voynov.
12:04 of 1st period - Stopped by Alex Stalock without a rebound.
12:05 of 1st period - Evgeni Malkin wins face-off versus Travis Zajac in Lightning zone.
12:32 of 1st period - Shot by Zdeno Chara.
12:32 of 1st period - Shot Misses the Net.
12:34 of 1st period - Shot by Zdeno Chara.
12:34 of 1st period - Stopped by Alex Stalock without a rebound.
12:35 of 1st period - Travis Zajac wins face-off versus Jason Spezza in Lightning zone.
12:50 of 1st period - Shot by Shea Weber.
12:50 of 1st period - Shot Misses the Net.
12:52 of 1st period - Shot by Shea Weber.
12:52 of 1st period - Stopped by Alex Stalock without a rebound.
12:53 of 1st period - Nick Spaling wins face-off versus Evgeni Malkin in Lightning zone.
13:10 of 1st period - Icing by Brandon Dubinsky.
13:11 of 1st period - Travis Zajac wins face-off versus Evgeni Malkin in Stars zone.
13:20 of 1st period - Shot by Tyler Seguin.
13:20 of 1st period - Goal by Tyler Seguin - Stars : 2 - Lightning : 1.
13:21 of 1st period - Henrik Sedin wins face-off versus Jason Spezza in neutral zone.
13:31 of 1st period - Icing by Jarome Iginla.
13:32 of 1st period - Jason Spezza wins face-off versus Travis Zajac in Stars zone.
13:51 of 1st period - Shot by Jarome Iginla.
13:51 of 1st period - Stopped by Alex Stalock with a rebound.
14:13 of 1st period - Shot by Jarome Iginla.
14:13 of 1st period - Deflect By Eric Staal.
14:13 of 1st period - Stopped by Alex Stalock without a rebound.
14:14 of 1st period - Henrik Sedin wins face-off versus Evgeni Malkin in Lightning zone.
14:16 of 1st period - Icing by Patrick Kane.
14:17 of 1st period - Henrik Sedin wins face-off versus Evgeni Malkin in Lightning zone.
14:17 of 1st period - Henrik Sedin is hit by Gabriel Landeskog.
14:33 of 1st period - Off-side.
14:34 of 1st period - David Backes wins face-off versus Travis Zajac in neutral zone.
14:53 of 1st period - Shot by Brandon Dubinsky.
14:53 of 1st period - Stopped by Alex Stalock without a rebound.
14:54 of 1st period - Evgeni Malkin wins face-off versus Henrik Sedin in Lightning zone.
15:15 of 1st period - Shot by Curtis Glencross.
15:15 of 1st period - Stopped by Semyon Varlamov with a rebound.
15:26 of 1st period - Icing by Andre Benoit.
15:27 of 1st period - Henrik Sedin wins face-off versus David Backes in Lightning zone.
15:51 of 1st period - Off-side.
15:52 of 1st period - Travis Zajac wins face-off versus Evgeni Malkin in neutral zone.
16:55 of 1st period - Icing by Teddy Purcell.
16:56 of 1st period - Maxime Talbot wins face-off versus Jason Spezza in Lightning zone.
16:58 of 1st period - Icing by Cam Atkinson.
16:59 of 1st period - Jason Spezza wins face-off versus Cam Atkinson in Lightning zone.
17:02 of 1st period - Shot by Jarome Iginla.
17:02 of 1st period - Deflect By Eric Staal.
17:02 of 1st period - Stopped by Alex Stalock with a rebound.
17:08 of 1st period - Shot by Jarome Iginla.
17:08 of 1st period - Stopped by Alex Stalock with a rebound.
17:39 of 1st period - Teddy Purcell is hit by Zdeno Chara and loses puck.
17:43 of 1st period - Major / Game Misconduct Penalty to Maxime Talbot for Checking from behind.
17:43 of 1st period - Maxime Talbot is ejected from game.
17:44 of 1st period - Evgeni Malkin wins face-off versus Travis Zajac in Lightning zone.
18:18 of 1st period - Shot by Vyacheslav Voynov.
18:18 of 1st period - Shot Misses the Net.
18:20 of 1st period - Shot by Evgeni Malkin.
18:20 of 1st period - Shot Misses the Net.
18:22 of 1st period - Shot by Vyacheslav Voynov.
18:22 of 1st period - Shot Blocked by Curtis Glencross.
18:48 of 1st period - Brent Seabrook is hit by Eric Staal and loses puck.
18:53 of 1st period - Shot by Jason Spezza.
18:53 of 1st period - Deflect By Eric Staal.
18:53 of 1st period - Stopped by Alex Stalock without a rebound.
18:54 of 1st period - Jason Spezza wins face-off versus Travis Zajac in Lightning zone.
18:55 of 1st period - Shot by Jarome Iginla.
18:55 of 1st period - Stopped by Alex Stalock with a rebound.
Goals for this period are 2 for Stars vs 1 for Lightning.
Shots for this period are 18 for Stars vs 9 for Lightning.

2nd period


0:01 of 2nd period - Evgeni Malkin wins face-off versus Travis Zajac in neutral zone.
0:06 of 2nd period - Shot by Tyler Seguin.
0:06 of 2nd period - Stopped by Alex Stalock with a rebound.
0:08 of 2nd period - Shot by Brandon Dubinsky.
0:08 of 2nd period - Stopped by Alex Stalock with a rebound.
0:10 of 2nd period - Shot by Evgeni Malkin.
0:10 of 2nd period - Shot Misses the Net.
0:12 of 2nd period - Shot by Shea Weber.
0:12 of 2nd period - Shot Misses the Net.
0:14 of 2nd period - Shot by Tyler Seguin.
0:14 of 2nd period - Stopped by Alex Stalock without a rebound.
0:15 of 2nd period - Travis Zajac wins face-off versus Jason Spezza in Lightning zone.
0:15 of 2nd period - Travis Zajac is hit by Jarome Iginla.
0:47 of 2nd period - Shot by Jason Spezza.
0:47 of 2nd period - Stopped by Alex Stalock with a rebound.
0:51 of 2nd period - Shot by Zdeno Chara.
0:51 of 2nd period - Stopped by Alex Stalock without a rebound.
0:52 of 2nd period - Travis Zajac wins face-off versus Evgeni Malkin in Lightning zone.
0:52 of 2nd period - Travis Zajac is hit by Brandon Dubinsky.
1:03 of 2nd period - Shot by Shea Weber.
1:03 of 2nd period - Stopped by Alex Stalock without a rebound.
1:04 of 2nd period - Travis Zajac wins face-off versus Evgeni Malkin in Lightning zone.
1:25 of 2nd period - Shot by Brandon Dubinsky.
1:25 of 2nd period - Shot Misses the Net.
1:27 of 2nd period - Shot by Tyler Seguin.
1:27 of 2nd period - Shot Hit the Post.
1:33 of 2nd period - Shot by Tyler Seguin.
1:33 of 2nd period - Shot Blocked by Brent Seabrook.
1:35 of 2nd period - Shot by Shea Weber.
1:35 of 2nd period - Goal by Shea Weber - Stars : 3 - Lightning : 1.
1:36 of 2nd period - Travis Zajac wins face-off versus Jarome Iginla in neutral zone.
2:19 of 2nd period - Shot by Travis Zajac.
2:19 of 2nd period - Shot Blocked by Jason Spezza.
2:40 of 2nd period - Icing by Alec Martinez.
2:41 of 2nd period - Nick Spaling wins face-off versus Eric Staal in Stars zone.
3:02 of 2nd period - Shot by Curtis Glencross.
3:02 of 2nd period - Stopped by Semyon Varlamov without a rebound.
3:03 of 2nd period - Evgeni Malkin wins face-off versus Nick Spaling in Stars zone.
3:03 of 2nd period - Evgeni Malkin is hit by Jason Chimera.
3:06 of 2nd period - Icing by Gabriel Landeskog.
3:07 of 2nd period - Nick Spaling wins face-off versus Evgeni Malkin in Stars zone.
3:24 of 2nd period - Shot by Nick Spaling.
3:24 of 2nd period - Stopped by Semyon Varlamov without a rebound.
3:25 of 2nd period - David Backes wins face-off versus Henrik Sedin in Stars zone.
3:52 of 2nd period - Double Minor Penalty to Curtis Glencross for Boarding.
3:53 of 2nd period - Travis Zajac wins face-off versus Jason Spezza in Lightning zone.
5:08 of 2nd period - Shot by Zdeno Chara.
5:08 of 2nd period - Stopped by Alex Stalock without a rebound.
5:09 of 2nd period - Evgeni Malkin wins face-off versus Nick Spaling in Lightning zone.
5:14 of 2nd period - Shot by Alec Martinez.
5:14 of 2nd period - Shot Misses the Net.
5:16 of 2nd period - Shot by Brandon Dubinsky.
5:16 of 2nd period - Stopped by Alex Stalock without a rebound.
5:17 of 2nd period - Evgeni Malkin wins face-off versus Nick Spaling in Lightning zone.
5:48 of 2nd period - Shot by Brandon Dubinsky.
5:48 of 2nd period - Shot Misses the Net.
6:42 of 2nd period - Icing by Zdeno Chara.
6:43 of 2nd period - Jason Spezza wins face-off versus Nick Spaling in Stars zone.
6:48 of 2nd period - Shot by Zdeno Chara.
6:48 of 2nd period - Shot Misses the Net.
7:45 of 2nd period - Icing by Shea Weber.
7:46 of 2nd period - Nick Spaling wins face-off versus Evgeni Malkin in Stars zone.
7:55 of 2nd period - Shot by Tyler Seguin.
7:55 of 2nd period - Stopped by Alex Stalock without a rebound.
7:56 of 2nd period - Jason Spezza wins face-off versus Henrik Sedin in Lightning zone.
8:14 of 2nd period - Henrik Sedin is hit by Zdeno Chara and loses puck.
9:02 of 2nd period - Brent Seabrook is hit by Jason Spezza and loses puck.
9:06 of 2nd period - Brent Seabrook is hit by Jarome Iginla and loses puck.
9:17 of 2nd period - Shot by Nick Spaling.
9:17 of 2nd period - Shot Misses the Net.
9:19 of 2nd period - Shot by Brent Seabrook.
9:19 of 2nd period - Goal by Brent Seabrook - Stars : 3 - Lightning : 2.
9:20 of 2nd period - Henrik Sedin wins face-off versus Evgeni Malkin in neutral zone.
9:28 of 2nd period - Andy Greene is hit by Henrik Sedin and loses puck.
9:45 of 2nd period - Shot by Andre Benoit.
9:45 of 2nd period - Stopped by Semyon Varlamov without a rebound.
9:46 of 2nd period - Travis Zajac wins face-off versus David Backes in Stars zone.
9:46 of 2nd period - Travis Zajac is hit by Vyacheslav Voynov.
9:50 of 2nd period - Shot by Troy Brouwer.
9:50 of 2nd period - Stopped by Semyon Varlamov without a rebound.
9:51 of 2nd period - Travis Zajac wins face-off versus Christopher Higgins in Stars zone.
10:02 of 2nd period - Shot by David Backes.
10:02 of 2nd period - Stopped by Alex Stalock without a rebound.
10:03 of 2nd period - Curtis Glencross wins face-off versus Evgeni Malkin in Lightning zone.
10:03 of 2nd period - Curtis Glencross is hit by Gabriel Landeskog.
10:45 of 2nd period - Shot by Gabriel Landeskog.
10:45 of 2nd period - Deflect By Tyler Seguin.
10:45 of 2nd period - Stopped by Alex Stalock without a rebound.
10:46 of 2nd period - Brandon Dubinsky wins face-off versus Travis Zajac in Lightning zone.
10:46 of 2nd period - Travis Hamonic is hit by Brent Seabrook.
10:57 of 2nd period - Minor Penalty to Zdeno Chara for Elbowing.
10:58 of 2nd period - David Backes wins face-off versus Travis Zajac in Stars zone.
11:40 of 2nd period - Shot by Andrej Sekera.
11:40 of 2nd period - Stopped by Semyon Varlamov with a rebound.
11:42 of 2nd period - Shot by Brent Seabrook.
11:42 of 2nd period - Stopped by Semyon Varlamov without a rebound.
11:43 of 2nd period - Henrik Sedin wins face-off versus David Backes in Stars zone.
11:48 of 2nd period - Shot by Patrick Kane.
11:48 of 2nd period - Shot Blocked by Shea Weber.
12:08 of 2nd period - Shot by Erik Gudbranson.
12:08 of 2nd period - Stopped by Semyon Varlamov without a rebound.
12:09 of 2nd period - Travis Zajac wins face-off versus Eric Staal in Stars zone.
12:26 of 2nd period - Brenden Dillon is hit by Troy Brouwer and loses puck.
12:31 of 2nd period - Shot by Brent Seabrook.
12:31 of 2nd period - Stopped by Semyon Varlamov without a rebound.
12:32 of 2nd period - Henrik Sedin wins face-off versus Eric Staal in Stars zone.
14:03 of 2nd period - Shot by Travis Zajac.
14:03 of 2nd period - Stopped by Semyon Varlamov without a rebound.
14:04 of 2nd period - Jason Spezza wins face-off versus Nick Spaling in Stars zone.
14:24 of 2nd period - Icing by Scott Hannan.
14:25 of 2nd period - Evgeni Malkin wins face-off versus Nick Spaling in Lightning zone.
14:40 of 2nd period - Shot by Gabriel Landeskog.
14:40 of 2nd period - Deflect By Evgeni Malkin.
14:40 of 2nd period - Shot Misses the Net.
14:42 of 2nd period - Shot by Travis Hamonic.
14:42 of 2nd period - Shot Blocked by Scott Hannan.
14:44 of 2nd period - Shot by Zdeno Chara.
14:44 of 2nd period - Shot Misses the Net.
14:50 of 2nd period - Shot by Tyler Seguin.
14:50 of 2nd period - Shot Misses the Net.
14:52 of 2nd period - Shot by Zdeno Chara.
14:52 of 2nd period - Shot Misses the Net.
14:54 of 2nd period - Shot by Zdeno Chara.
14:54 of 2nd period - Stopped by Alex Stalock without a rebound.
14:55 of 2nd period - Jason Spezza wins face-off versus Henrik Sedin in Lightning zone.
14:55 of 2nd period - Shea Weber is hit by Brent Seabrook and loses puck.
15:09 of 2nd period - Shot by Patrick Kane.
15:09 of 2nd period - Shot Blocked by Andy Greene.
15:29 of 2nd period - Shot by Andy Greene.
15:29 of 2nd period - Shot Misses the Net.
15:31 of 2nd period - Shot by Shea Weber.
15:31 of 2nd period - Stopped by Alex Stalock without a rebound.
15:32 of 2nd period - Henrik Sedin wins face-off versus Evgeni Malkin in Lightning zone.
15:47 of 2nd period - Shot by Tyler Seguin.
15:47 of 2nd period - Stopped by Alex Stalock without a rebound.
15:48 of 2nd period - David Backes wins face-off versus Travis Zajac in Lightning zone.
15:48 of 2nd period - David Backes is hit by Andrej Meszaros.
16:27 of 2nd period - Icing by Scott Hannan.
16:28 of 2nd period - Jason Spezza wins face-off versus Travis Zajac in Lightning zone.
17:20 of 2nd period - Shot by Henrik Sedin.
17:20 of 2nd period - Goal by Henrik Sedin - Stars : 3 - Lightning : 3.
17:21 of 2nd period - Evgeni Malkin wins face-off versus Curtis Glencross in neutral zone.
17:24 of 2nd period - Shot by Tyler Seguin.
17:24 of 2nd period - Stopped by Alex Stalock without a rebound.
17:25 of 2nd period - Evgeni Malkin wins face-off versus Henrik Sedin in Lightning zone.
18:08 of 2nd period - Curtis Glencross is hit by Zdeno Chara and loses puck.
18:36 of 2nd period - Andre Benoit is hit by Jarome Iginla and loses puck.
19:10 of 2nd period - Shot by Eric Staal.
19:10 of 2nd period - Shot Blocked by Erik Gudbranson.
19:15 of 2nd period - Icing by Andre Benoit.
19:16 of 2nd period - Travis Zajac wins face-off versus David Backes in Lightning zone.
19:18 of 2nd period - Icing by Teddy Purcell.
19:19 of 2nd period - David Backes wins face-off versus Travis Zajac in Lightning zone.
19:19 of 2nd period - Brenden Dillon is hit by Erik Gudbranson and loses puck.
19:37 of 2nd period - Minor Penalty to Jason Chimera for Interference.
19:38 of 2nd period - Travis Zajac wins face-off versus Jason Spezza in Lightning zone.
19:58 of 2nd period - Off-side.
19:59 of 2nd period - Travis Zajac wins face-off versus Evgeni Malkin in neutral zone.
Goals for this period are 1 for Stars vs 2 for Lightning.
Shots for this period are 16 for Stars vs 11 for Lightning.

3rd period


0:01 of 3rd period - Evgeni Malkin wins face-off versus Travis Zajac in neutral zone.
0:04 of 3rd period - Andrej Sekera is hit by Brandon Dubinsky and loses puck.
0:41 of 3rd period - Shot by Brent Seabrook.
0:41 of 3rd period - Stopped by Semyon Varlamov without a rebound.
0:42 of 3rd period - Jason Spezza wins face-off versus Curtis Glencross in Stars zone.
1:21 of 3rd period - Shot by Alec Martinez.
1:21 of 3rd period - Stopped by Alex Stalock with a rebound.
1:58 of 3rd period - Minor Penalty to Shea Weber for Tripping.
1:59 of 3rd period - Travis Zajac wins face-off versus David Backes in Stars zone.
2:02 of 3rd period - Shot by Troy Brouwer.
2:02 of 3rd period - Deflect By Nick Spaling.
2:02 of 3rd period - Stopped by Semyon Varlamov without a rebound.
2:03 of 3rd period - Curtis Glencross wins face-off versus David Backes in Stars zone.
3:30 of 3rd period - Shot by Troy Brouwer.
3:30 of 3rd period - Deflect By Travis Zajac.
3:30 of 3rd period - Stopped by Semyon Varlamov with a rebound.
3:32 of 3rd period - Shot by Nick Spaling.
3:32 of 3rd period - Shot Misses the Net.
3:34 of 3rd period - Shot by Travis Zajac.
3:34 of 3rd period - Deflect By Troy Brouwer.
3:34 of 3rd period - Stopped by Semyon Varlamov with a rebound.
3:36 of 3rd period - Shot by Erik Gudbranson.
3:36 of 3rd period - Shot Misses the Net.
3:38 of 3rd period - Shot by Troy Brouwer.
3:38 of 3rd period - Shot Misses the Net.
3:42 of 3rd period - Shot by Andrej Meszaros.
3:42 of 3rd period - Shot Misses the Net.
3:44 of 3rd period - Shot by Nick Spaling.
3:44 of 3rd period - Shot Misses the Net.
3:46 of 3rd period - Shot by Travis Zajac.
3:46 of 3rd period - Shot Misses the Net.
4:24 of 3rd period - Shot by Teddy Purcell.
4:24 of 3rd period - Stopped by Semyon Varlamov with a rebound.
4:31 of 3rd period - Icing by Andy Greene.
4:32 of 3rd period - Nick Spaling wins face-off versus Evgeni Malkin in Stars zone.
5:22 of 3rd period - Shot by Jason Spezza.
5:22 of 3rd period - Stopped by Alex Stalock without a rebound.
5:23 of 3rd period - Jason Spezza wins face-off versus Curtis Glencross in Lightning zone.
5:37 of 3rd period - Shot by Jarome Iginla.
5:37 of 3rd period - Deflect By Jason Spezza.
5:37 of 3rd period - Stopped by Alex Stalock without a rebound.
5:38 of 3rd period - Henrik Sedin wins face-off versus Jason Spezza in Lightning zone.
5:59 of 3rd period - Shot by Jarome Iginla.
5:59 of 3rd period - Shot Misses the Net.
6:46 of 3rd period - Off-side.
6:47 of 3rd period - Nick Spaling wins face-off versus David Backes in neutral zone.
6:52 of 3rd period - Shot by Scott Hannan.
6:52 of 3rd period - Shot Misses the Net.
7:04 of 3rd period - Shot by Shea Weber.
7:04 of 3rd period - Shot Misses the Net.
7:06 of 3rd period - Shot by Brandon Dubinsky.
7:06 of 3rd period - Shot Misses the Net.
7:08 of 3rd period - Shot by Shea Weber.
7:08 of 3rd period - Stopped by Alex Stalock without a rebound.
7:09 of 3rd period - Curtis Glencross wins face-off versus Evgeni Malkin in Lightning zone.
7:09 of 3rd period - Curtis Glencross is hit by Gabriel Landeskog.
8:31 of 3rd period - Off-side.
8:32 of 3rd period - Jason Spezza wins face-off versus Travis Zajac in neutral zone.
8:37 of 3rd period - Shot by Eric Staal.
8:37 of 3rd period - Shot Blocked by Andre Benoit.
8:45 of 3rd period - Shot by Andy Greene.
8:45 of 3rd period - Shot Misses the Net.
8:51 of 3rd period - Shot by Travis Zajac.
8:51 of 3rd period - Stopped by Semyon Varlamov without a rebound.
8:52 of 3rd period - David Backes wins face-off versus Nick Spaling in Stars zone.
8:54 of 3rd period - Icing by Zdeno Chara.
8:55 of 3rd period - David Backes wins face-off versus Travis Zajac in Stars zone.
8:55 of 3rd period - David Backes is hit by Troy Brouwer.
9:41 of 3rd period - Icing by Zdeno Chara.
9:42 of 3rd period - David Backes wins face-off versus Curtis Glencross in Stars zone.
9:53 of 3rd period - Shot by David Backes.
9:53 of 3rd period - Shot Blocked by Brent Seabrook.
10:09 of 3rd period - Jarome Iginla is hit by Curtis Glencross and loses puck.
10:15 of 3rd period - Minor Penalty to Curtis Glencross for Goalie Interference.
10:16 of 3rd period - Jason Spezza wins face-off versus Travis Zajac in Lightning zone.
10:39 of 3rd period - Shot by Shea Weber.
10:39 of 3rd period - Stopped by Alex Stalock without a rebound.
10:40 of 3rd period - Evgeni Malkin wins face-off versus Travis Zajac in Lightning zone.
11:33 of 3rd period - Icing by Jason Spezza.
11:34 of 3rd period - Jason Spezza wins face-off versus Nick Spaling in Stars zone.
12:00 of 3rd period - Off-side.
12:01 of 3rd period - Travis Zajac wins face-off versus Evgeni Malkin in neutral zone.
12:01 of 3rd period - Travis Zajac is hit by Brandon Dubinsky.
12:34 of 3rd period - Minor Penalty to Erik Gudbranson for Hooking.
12:35 of 3rd period - Evgeni Malkin wins face-off versus Travis Zajac in Lightning zone.
12:48 of 3rd period - Shot by Tyler Seguin.
12:48 of 3rd period - Stopped by Alex Stalock without a rebound.
12:49 of 3rd period - Travis Zajac wins face-off versus Jason Spezza in Lightning zone.
12:49 of 3rd period - Travis Zajac is hit by Jarome Iginla.
13:10 of 3rd period - Andrej Sekera is hit by Jarome Iginla and loses puck.
13:17 of 3rd period - Shot by Zdeno Chara.
13:17 of 3rd period - Shot Misses the Net.
13:19 of 3rd period - Shot by Zdeno Chara.
13:19 of 3rd period - Stopped by Alex Stalock without a rebound.
13:20 of 3rd period - Travis Zajac wins face-off versus Evgeni Malkin in Lightning zone.
13:20 of 3rd period - Travis Zajac is hit by Brandon Dubinsky.
13:46 of 3rd period - Shot by Brandon Dubinsky.
13:46 of 3rd period - Stopped by Alex Stalock without a rebound.
13:47 of 3rd period - Jason Spezza wins face-off versus Nick Spaling in Lightning zone.
14:24 of 3rd period - Shot by Eric Staal.
14:24 of 3rd period - Shot Misses the Net.
14:26 of 3rd period - Shot by Jarome Iginla.
14:26 of 3rd period - Stopped by Alex Stalock without a rebound.
14:27 of 3rd period - Evgeni Malkin wins face-off versus Travis Zajac in Lightning zone.
14:35 of 3rd period - Icing by Evgeni Malkin.
14:36 of 3rd period - Henrik Sedin wins face-off versus David Backes in Stars zone.
14:52 of 3rd period - Andy Greene is hit by Curtis Glencross and loses puck.
14:57 of 3rd period - Shot by Christopher Higgins.
14:57 of 3rd period - Shot Misses the Net.
15:01 of 3rd period - Shot by David Backes.
15:01 of 3rd period - Shot Blocked by Brent Seabrook.
15:02 of 3rd period - Minor Penalty to Andrej Sekera for Boarding.
15:03 of 3rd period - Travis Zajac wins face-off versus Jason Spezza in Lightning zone.
15:03 of 3rd period - Andre Benoit is hit by Jarome Iginla.
15:08 of 3rd period - Minor Penalty to Eric Staal for Tripping.
15:09 of 3rd period - Patrick Kane wins face-off versus Evgeni Malkin in Stars zone.
15:24 of 3rd period - Shot by Tyler Seguin.
15:24 of 3rd period - Stopped by Alex Stalock without a rebound.
15:25 of 3rd period - Evgeni Malkin wins face-off versus Patrick Kane in Lightning zone.
15:42 of 3rd period - Shot by Patrick Kane.
15:42 of 3rd period - Shot Misses the Net.
15:44 of 3rd period - Shot by Teddy Purcell.
15:44 of 3rd period - Deflect By Patrick Kane.
15:44 of 3rd period - Stopped by Semyon Varlamov without a rebound.
15:45 of 3rd period - Evgeni Malkin wins face-off versus Patrick Kane in Stars zone.
16:07 of 3rd period - Shot by Evgeni Malkin.
16:07 of 3rd period - Shot Hit the Post.
16:15 of 3rd period - Shot by Evgeni Malkin.
16:15 of 3rd period - Shot Misses the Net.
16:17 of 3rd period - Shot by Shea Weber.
16:17 of 3rd period - Deflect By Tyler Seguin.
16:17 of 3rd period - Stopped by Alex Stalock without a rebound.
16:18 of 3rd period - Evgeni Malkin wins face-off versus Curtis Glencross in Lightning zone.
16:27 of 3rd period - Shot by Patrick Kane.
16:27 of 3rd period - Stopped by Semyon Varlamov with a rebound.
16:29 of 3rd period - Shot by Brent Seabrook.
16:29 of 3rd period - Stopped by Semyon Varlamov without a rebound.
16:30 of 3rd period - Evgeni Malkin wins face-off versus Patrick Kane in Stars zone.
16:47 of 3rd period - Shot by Evgeni Malkin.
16:47 of 3rd period - Shot Misses the Net.
17:13 of 3rd period - Shot by Nick Spaling.
17:13 of 3rd period - Stopped by Semyon Varlamov without a rebound.
17:14 of 3rd period - Travis Zajac wins face-off versus Jason Spezza in Stars zone.
18:24 of 3rd period - Icing by Vyacheslav Voynov.
18:25 of 3rd period - Brandon Dubinsky wins face-off versus Curtis Glencross in Stars zone.
18:29 of 3rd period - Off-side.
18:30 of 3rd period - Henrik Sedin wins face-off versus Evgeni Malkin in neutral zone.
18:30 of 3rd period - Henrik Sedin is hit by Gabriel Landeskog.
18:54 of 3rd period - Shot by Evgeni Malkin.
18:54 of 3rd period - Stopped by Alex Stalock without a rebound.
18:55 of 3rd period - David Backes wins face-off versus Curtis Glencross in Lightning zone.
18:55 of 3rd period - David Backes is hit by Andrej Meszaros.
19:25 of 3rd period - Icing by Teddy Purcell.
19:26 of 3rd period - Curtis Glencross wins face-off versus Evgeni Malkin in Lightning zone.
19:26 of 3rd period - Curtis Glencross is hit by Gabriel Landeskog.
19:44 of 3rd period - Shot by Evgeni Malkin.
19:44 of 3rd period - Stopped by Alex Stalock without a rebound.
19:45 of 3rd period - Travis Zajac wins face-off versus Jason Spezza in Lightning zone.
19:45 of 3rd period - Travis Zajac is hit by Jarome Iginla.
19:52 of 3rd period - Brent Seabrook is hit by Travis Hamonic.
19:54 of 3rd period - Shot by Troy Brouwer.
19:54 of 3rd period - Stopped by Semyon Varlamov without a rebound.
19:55 of 3rd period - Nick Spaling wins face-off versus Evgeni Malkin in Stars zone.
Goals for this period are 0 for Stars vs 0 for Lightning.
Shots for this period are 13 for Stars vs 11 for Lightning.

Overtime #1


0:01 of 1st overtime period - Evgeni Malkin wins face-off versus Patrick Kane in neutral zone.
0:20 of 1st overtime period - Shot by Tyler Seguin.
0:20 of 1st overtime period - Stopped by Alex Stalock without a rebound.
0:21 of 1st overtime period - Evgeni Malkin wins face-off versus Patrick Kane in Lightning zone.
1:02 of 1st overtime period - Shot by Tyler Seguin.
1:02 of 1st overtime period - Goal by Tyler Seguin - Stars : 4 - Lightning : 3.
Goals for this period are 1 for Stars vs 0 for Lightning.
Shots for this period are 2 for Stars vs 0 for Lightning.


Output by the SimonT Hockey Simulator (STHS) for Stephane Roy -- Original Page W3C XHTML 1.0 Valid
Hockey Simulator - Hockey Simulation - Hockey Manager